 Dungeon Crawl Stone Soup version 0.24-a0-81-gd227540562 (webtiles) character file.

Game seed: 2667256775211053063

247918 MirrMurr the Slayer (level 19, -8/237 HPs)
             Began as an Ogre Berserker on Feb 5, 2019.
             Was the Champion of Trog.
             Mangled by an Executioner (23 damage)
             ... summoned by a deep elf demonologist
             ... led by an ironheart preserver
             ... on level 1 of the Vaults on Feb 7, 2019.
             The game lasted 01:45:13 (38456 turns).

MirrMurr the Slayer (Ogre Berserker)               Turns: 38456, Time: 01:45:13

Health: -8/237     AC: 13    Str: 28    XL:     19   Next: 55%
Magic:  32/32      EV: 20    Int: 13    God:    Trog [******]
Gold:   2571       SH: 18    Dex: 20    Spells: 18/18 levels left

rFire    + + +     SeeInvis .   a - +8 demon trident (elec)
rCold    + + .     Gourm    .   E - +2 shield of Resistance {rF+ rC+ MR+}
rNeg     . . .     Faith    .   G - +2 troll leather armour
rPois    +         Spirit   .   m - +3 hat of Pondering {ponderous, MR+ MP+10 Int+5}
rElec    .         Reflect  +   q - +2 cloak {rPois}
rCorr    .         Harm     .   (gloves unavailable)
MR       +++..                  (boots unavailable)
Stlth    ..........             Q - +3 amulet of reflection
HPRegen  0.89/turn              X - ring of Equivalence {rF+ rC+ Str+2 Dex+6 Stlth-}
MPRegen  0.23/turn              Z - ring "Vuixkosch" {rF+ Slay+3}

@: very slightly contaminated, slow
A: large, unfitting armour, tough skin 1
}: 2/15 runes: serpentine, barnacled
a: Berserk, Trog's Hand, Brothers in Arms, Renounce Religion


You were on level 1 of the Vaults.
You worshipped Trog.
Trog was exalted by your worship.
You were not hungry.

You visited 7 branches of the dungeon, and saw 33 of its levels.

You collected 3490 gold pieces.
You spent 919 gold pieces at shops.

Inventory:

Hand Weapons
 a - a +8 demon trident of electrocution (weapon)
 b - a +2 hunting sling of venom
 w - a +5 antimagic demon trident
Missiles
 d - 2 throwing nets {!f}
 g - 4 needles of confusion
 l - 932 stones
 p - 14 javelins of returning
 B - 46 large rocks (quivered)
 F - 3 javelins of penetration
 M - 83 poisoned needles
 U - 215 sling bullets
Armour
 m - the +3 hat of Pondering (worn) {ponderous, MR+ MP+10 Int+5}
   (You took it off Gastronok on level 8 of the Dungeon)

   It affects your intelligence (+5).
   It affects your resistance to hostile enchantments.
   It affects your magic capacity (+10).
 q - a +2 cloak of poison resistance (worn)
 z - a +2 large shield
 E - the +2 shield of Resistance (worn) {rF+ rC+ MR+}
   (You found it on level 4 of the Lair of Beasts)

   It protects you from fire.
   It protects you from cold.
   It affects your resistance to hostile enchantments.
 G - a +2 troll leather armour (worn)
Jewellery
 e - an uncursed ring of positive energy
 O - an uncursed ring of protection from cold
 Q - a +3 amulet of reflection (around neck)
 R - an uncursed ring of resist corrosion
 X - the ring of Equivalence (left hand) {rF+ rC+ Str+2 Dex+6 Stlth-}
   (You found it on level 4 of the Shoals)

   [ring of strength]

   It affects your strength (+2).
   It affects your dexterity (+6).
   It protects you from fire.
   It protects you from cold.
   It makes you less stealthy.
 Z - the ring "Vuixkosch" (right hand) {rF+ Slay+3}
   (You found it on level 15 of the Dungeon)

   [ring of slaying]

   It affects your accuracy and damage with ranged weapons and melee attacks
   (+3).
   It protects you from fire.
Wands
 C - a wand of acid (6)
 I - a wand of clouds (12)
 N - a wand of digging (8)
 S - a wand of paralysis (19)
 Y - a wand of iceblast (7)
Scrolls
 i - 6 scrolls of identify
 j - 5 scrolls of fear
 k - 15 scrolls of teleportation
 r - 20 scrolls of remove curse
 x - 3 scrolls of blinking
 H - a scroll of summoning
 J - 3 scrolls of immolation
 K - 4 scrolls of silence
 P - 4 scrolls of fog
 T - 2 scrolls of magic mapping
 V - a scroll of enchant armour
 W - 2 scrolls of brand weapon
Potions
 f - 2 potions of flight
 h - 5 potions of might
 n - 3 potions of ambrosia
 o - 11 potions of haste
 s - 7 potions of heal wounds
 t - 4 potions of mutation
 u - 3 potions of cancellation
 v - 15 potions of curing
 A - 2 potions of resistance
 D - a potion of invisibility
 L - 6 potions of agility
Comestibles
 c - 52 rations
 y - 17 chunks of flesh


   Skills:
 * Level 25.1 Fighting
 - Level 14.0 Polearms
 + Level 14.4 Throwing
 + Level 13.3 Dodging
 + Level 10.1 Shields
 - Level 5.0 Evocations


You had 18 spell levels left.
You didn't know any spells.
Your spell library was empty.

Dungeon Overview and Level Annotations

Branches:
Dungeon (15/15)            Temple (1/1) D:7            Lair (6/6) D:10
 Shoals (4/4) Lair:4        Snake (4/4) Lair:2        Slime (0/5) Lair:5
    Orc (2/2) D:9             Elf (0/3) Orc:2        Vaults (1/5) D:13
 Depths (0/5) D:15

Altars:
Ashenzari
Cheibriados
Elyvilon
Gozag
Makhleb
Nemelex Xobeh
Okawaru
Qazlal
Ru
Uskayaw
Wu Jian
Xom
Yredelemnul
Jiyva

Shops:
D:9 }   D:14 !   Orc:1 *=   Orc:2 :[?}   Shoals:2 *   Snake:1 [   Vaults:1 =


Innate Abilities, Weirdness & Mutations

You are too large for most types of armour.
You have tough skin. (AC +1)


Message History

The Executioner hits you but does no damage.
The ironheart preserver casts a spell.
The ironheart preserver begins to accept its allies' injuries.
The Ice Fiend calls on the powers of darkness!
The ironheart preserver convulses!
The deep elf demonologist convulses!
The deep elf archer convulses!
Your body is wracked with pain!
* * * LOW HITPOINT WARNING * * *
The Executioner barely misses you.
The Executioner hits you but does no damage. x2
There is an open door, spattered with blood here.
Blink to where?
Press: ? - help, Dir - move target cursor, p - deep elf demonologist You are very lightly contaminated with residual magic.
As you read the scroll of blinking, it crumbles to dust.
You close the door.
An Executioner opens the door.
Blink to where?
Press: ? - help, Dir - move target cursor
As you read the scroll of blinking, it crumbles to dust.
The Executioner hits you!!
You die...

#∩# #.....
###.####3....
#......'.....
#.[8..§####'#
#......#.÷...
###########......#.....
#.........#....÷.'.....
#.....)...3[[...÷#.....
#....∩@1.)#.[....#.....
#....)....#......#.....
#.........########.....
#.........# #.....
########### #.....
#####


You could see an Executioner and a sixfirhy.

Vanquished Creatures
  Saint Roka (Vaults:1)
  A kraken (Shoals:4)
  Gastronok (D:8)
  Roxanne (Shoals:3)
  2 frost giants (D:15)
  5 nagarajas
  Ilsuiw (Shoals:2)
  The ghost of guttsta the Grappler, a journeyman TrCK of Xom (Lair:6)
  An orc warlord (Orc:2)
  2 ettins
  2 merfolk javelineers (Shoals:4)
  A fire dragon (Lair:6)
  6 vault guards
  10 merfolk impalers
  2 great orbs of eyes (D:15)
  An ice dragon (Lair:6)
  The ghost of Chiseanne the Fighter, a journeyman GnWn of Gozag (D:9)
  7 hydras
  Erolcha (D:13)
  2 merfolk avatars
  18 anacondas
  11 naga warriors
  2 yaktaur captains
  Erica (Lair:1)
  13 centaur warriors
  7 two-headed ogres
  3 merfolk aquamancers
  2 death knights (D:15)
  5 tengu warriors
  6 death yaks (Lair:6)
  An alligator snapping turtle (Shoals:3)
  9 naga sharpshooters
  An orc high priest (Orc:1)
  Urug (Lair:1)
  5 shock serpents
  A fire crab (Lair:5)
  12 sea snakes
  4 skeletal warriors (D:15)
  A fire crab (shapeshifter) (D:15)
  A lindwurm (Lair:6)
  A deep elf archer (D:15)
  10 unseen horrors
  A swamp dragon (Lair:6)
  7 naga ritualists
  5 wizards
  A kraken simulacrum (Shoals:4)
  An ironbrand convoker (Vaults:1)
  A necromancer (D:13)
  The ghost of brucemayne the Cleaver, a novice HOMo of the Shining One (D:7)
  4 mana vipers
  16 harpies
  8 orc knights
  5 deep elf magi
  3 orc sorcerers
  9 ugly things
  11 manticores
  8 cyclopes
  3 fauns
  9 salamanders
  5 centaur zombies
  11 merfolk sirens
  40 black mambas
  9 elephants
  2 guardian serpents
  6 torpor snails
  6 water nymphs
  A vault sentinel (Vaults:1)
  31 naga magi
  2 gargoyles
  2 rime drakes
  10 komodo dragons
  10 spiny frogs
  A kobold demonologist (D:14)
  A yaktaur (shapeshifter) (D:14)
  A yaktaur (D:15)
  2 tengu conjurers
  9 trolls
  4 tyrant leeches (Lair:6)
  22 merfolk
  4 polar bears
  4 wind drakes
  10 hornets
  16 blink frogs
  5 dream sheep (Lair:6)
  12 hippogriffs
  A slime creature (D:15)
  4 snapping turtles
  6 spriggans
  A shadow (D:15)
  A vampire (D:14)
  A wraith (D:15)
  3 wyverns
  30 yaks
  3 basilisks
  10 water elementals
  16 humans (D:13)
  2 steam dragons
  2 hungry ghosts
  A fire elemental (D:14)
  3 vampire mosquitoes (D:13)
  7 wargs
  2 acid dragons (Lair:6)
  17 water moccasins
  47 nagas
  2 wargs (shapeshifter)
  9 porcupines
  4 soldier ants
  2 swamp drakes
  2 floating eyes (D:15)
  44 orc warriors
  3 black bears
  4 sky beasts
  5 ice beasts
  12 ogres
  3 phantoms
  20 centaurs
  14 crocodiles
  A big kobold (D:9)
  Blork the orc (D:6)
  A gnoll sergeant (D:10)
  20 bullfrogs
  A wyvern skeleton (D:3)
  3 scorpions
  14 killer bees
  2 electric eels
  2 wights
  3 howler monkeys
  12 crimson imps
  A quasit (D:12)
  A lava snake (D:14)
  14 orc priests
  23 orc wizards
  Crazy Yiuf (D:4)
  3 centaur skeletons
  3 bullfrog skeletons
  4 hounds
  10 jellies
  6 iguanas
  Terence (D:2)
  Natasha (thrice) (D:4)
  9 worker ants
  2 hell rats (Lair:3)
  A bullfrog simulacrum (D:9)
  A worker ant zombie (D:10)
  8 gnolls
  9 adders
  7 river rats (Lair:3)
  8 shadow imps
  2 white imps (D:10)
  An ooze (D:4)
  An adder zombie (D:7)
  An adder skeleton (D:4)
  A worm (D:2)
  5 dart slugs
  5 leopard geckos
  86 orcs
  2 giant cockroaches
  7 goblins
  6 hobgoblins
  4 jackals
  11 kobolds
  6 quokkas
  6 bats
  3 frilled lizards
  2 jackal skeletons
  2 jackal zombies (D:7)
  A leopard gecko zombie (D:9)
  7 rats
  A fungus (Lair:4)
  3 plants
  5 tentacles (Shoals:4)
1107 creatures vanquished.

Vanquished Creatures (collateral kills)
  A merfolk impaler (Shoals:4)
1 creature vanquished.

Vanquished Creatures (others)
  A naga warrior (Snake:3)
  2 naga sharpshooters
  A necromancer (D:13)
  3 fauns (Shoals:3)
  A cyclops (Vaults:1)
  A komodo dragon (Lair:6)
  A merfolk (Shoals:4)
  A vampire (D:13)
  A human (D:13)
  2 orc warriors
  A swamp drake (Lair:6)
  An iguana (Lair:6)
  25 fungi
  33 plants
  11 tentacles (Shoals:4)
85 creatures vanquished.

Grand Total: 1193 creatures vanquished

Notes
Turn   | Place    | Note
-------+----------+-------------------------------------------
     0 | D:1      | MirrMurr the Ogre Berserker began the quest for the Orb.
     0 | D:1      | Reached XP level 1. HP: 24/24 MP: 1/1
   166 | D:1      | Reached XP level 2. HP: 32/32 MP: 2/2
   385 | D:1      | Reached skill level 1 in Throwing
   887 | D:2      | Reached XP level 3. HP: 36/40 MP: 3/3
   974 | D:2      | Reached ** piety under Trog
   981 | D:2      | Noticed Terence
   993 | D:2      | Killed Terence
   993 | D:2      | Reached XP level 4. HP: 49/49 MP: 4/4
  2311 | D:3      | Reached skill level 5 in Fighting
  2311 | D:3      | Reached XP level 5. HP: 31/57 MP: 2/5
  2542 | D:4      | Noticed Natasha
  2551 | D:4      | Killed Natasha
  2566 | D:4      | Reached skill level 5 in Polearms
  2780 | D:4      | Reached XP level 6. HP: 63/66 MP: 4/6
  2887 | D:4      | Reached *** piety under Trog
  2956 | D:4      | Noticed Natasha
  3399 | D:4      | Killed Natasha
  3399 | D:4      | Reached skill level 6 in Fighting
  3408 | D:4      | Noticed Natasha
  3415 | D:4      | Killed Natasha
  3415 | D:4      | Reached XP level 7. HP: 40/75 MP: 4/7
  3485 | D:4      | Found a shimmering altar of Xom.
  3788 | D:4      | Found a runed translucent door.
  3789 | D:4      | Noticed Crazy Yiuf
  4041 | D:4      | Killed Crazy Yiuf
  4090 | D:5      | Entered Level 5 of the Dungeon
  4810 | D:6      | Noticed Blork the orc
  4820 | D:6      | Killed Blork the orc
  4820 | D:6      | Reached XP level 8. HP: 84/84 MP: 6/8
  4966 | D:6      | Reached skill level 7 in Fighting
  5670 | D:7      | Found a runed translucent door.
  5670 | D:7      | Noticed brucemayne's ghost (novice HOMo)
  5698 | D:7      | Found an opulent altar of Gozag.
  5899 | D:7      | Reached skill level 8 in Fighting
  5899 | D:7      | Reached skill level 5 in Throwing
  6098 | D:7      | Found a staircase to the Ecumenical Temple.
  6113 | Temple   | Entered the Ecumenical Temple
  6155 | D:7      | Reached XP level 9. HP: 89/97 MP: 7/9
  6254 | D:7      | Found a stormy altar of Qazlal.
  6536 | D:8      | Noticed a two-headed ogre
  6546 | D:8      | Killed a two-headed ogre
  6546 | D:8      | Reached skill level 9 in Fighting
  6554 | D:8      | Reached **** piety under Trog
  6661 | D:8      | Reached skill level 10 in Polearms
  6687 | D:8      | Found an ornate altar of the Wu Jian Council.
  6785 | D:8      | You fall through a shaft for 2 floors!
  6785 | D:10     | Entered Level 10 of the Dungeon
  6833 | D:10     | Reached skill level 10 in Fighting
  6912 | D:10     | Noticed a two-headed ogre
  6927 | D:10     | Killed a two-headed ogre
  6927 | D:10     | Reached XP level 10. HP: 26/111 MP: 1/10
  7264 | D:10     | Noticed a centaur warrior
  7294 | D:10     | Killed a centaur warrior
  7294 | D:10     | Reached skill level 11 in Fighting
  7863 | D:9      | Found an iron altar of Okawaru.
  7902 | D:9      | Found a transporter.
  7904 | D:9      | Found a transporter.
  7905 | D:9      | Noticed Chiseanne's ghost (journeyman GnWn)
  8100 | D:9      | Reached ***** piety under Trog
  8199 | D:9      | Found a staircase to the Orcish Mines.
  8556 | D:9      | Found Zupuodop's Gadget Shoppe.
  8575 | D:8      | Noticed a centaur warrior
  8592 | D:8      | Killed a centaur warrior
  8598 | D:8      | Reached skill level 12 in Fighting
  8748 | D:8      | Reached XP level 11. HP: 93/123 MP: 8/11
  8906 | D:8      | Paralysed by a hornet for 1 turns
  9125 | D:8      | Noticed Gastronok
  9148 | D:8      | Killed Gastronok
  9374 | D:9      | Found a sacrificial altar of Ru.
 10162 | D:10     | Found a staircase to the Lair.
 10469 | D:10     | Killed an unseen horror
 10709 | D:11     | Reached skill level 13 in Fighting
 10771 | D:11     | Noticed a two-headed ogre
 10782 | D:11     | Killed a two-headed ogre
 10855 | D:11     | Noticed a cyan ugly thing
 10872 | D:11     | Killed a cyan ugly thing
 11039 | D:11     | Received a gift from Trog
 11318 | D:11     | Killed an unseen horror
 11424 | D:11     | Noticed an eight-headed hydra
 11434 | D:11     | Killed an eight-headed hydra
 11434 | D:11     | Reached XP level 12. HP: 137/137 MP: 12/12
 11746 | D:11     | Reached skill level 14 in Fighting
 11930 | Lair:1   | Entered Level 1 of the Lair of Beasts
 12100 | Lair:1   | Noticed Erica
 12116 | Lair:1   | Killed Erica
 12116 | Lair:1   | Reached skill level 5 in Dodging
 12689 | Lair:1   | Noticed Urug
 12709 | Lair:1   | Killed Urug
 12863 | Lair:1   | Noticed a four-headed hydra
 12870 | Lair:1   | Killed a four-headed hydra
 12870 | Lair:1   | Reached skill level 15 in Fighting
 13018 | Lair:2   | Received a gift from Trog
 13300 | Lair:2   | Found a staircase to the Snake Pit.
 13757 | Lair:2   | Received a gift from Trog
 13839 | Lair:2   | Reached XP level 13. HP: 147/152 MP: 13/13
 14213 | Lair:3   | Reached skill level 16 in Fighting
 14508 | Lair:3   | Found a frozen archway.
 14984 | Lair:3   | Received a gift from Trog
 15440 | Lair:4   | Found the +2 shield of Resistance {rF+ rC+ MR+}
 15489 | Lair:4   | Reached skill level 17 in Fighting
 15522 | Lair:4   | You fall through a shaft for 2 floors!
 15522 | Lair:6   | Entered Level 6 of the Lair of Beasts
 15774 | Lair:4   | Found a staircase to the Shoals.
 17041 | Lair:5   | Reached skill level 1 in Shields
 17062 | Lair:5   | Found a viscous altar of Jiyva.
 17062 | Lair:5   | Found a staircase to the Slime Pits.
 17266 | Lair:5   | Reached skill level 18 in Fighting
 17266 | Lair:5   | Reached XP level 14. HP: 169/169 MP: 14/14
 17574 | Lair:6   | Upgraded the game from 0.24-a0-67-ga78bd38d5a to
                  | 0.24-a0-69-g55f835606b
 17590 | Lair:6   | Found a runed translucent gate.
 17590 | Lair:6   | Found a runed translucent gate.
 17590 | Lair:6   | Found a runed translucent gate.
 17591 | Lair:6   | Noticed guttsta's ghost (journeyman TrCK)
 17677 | Lair:6   | Received a gift from Trog
 17859 | Lair:6   | Found a runed translucent door.
 18249 | Lair:6   | Found a burning altar of Makhleb.
 18267 | Lair:6   | Received a gift from Trog
 18781 | Lair:6   | Reached skill level 5 in Shields
 19248 | D:12     | Reached skill level 10 in Throwing
 19351 | D:12     | Reached skill level 19 in Fighting
 19547 | D:12     | You fall through a shaft for 3 floors!
 19547 | D:15     | Entered Level 15 of the Dungeon
 19567 | D:15     | Paralysed by a floating eye for 4 turns
 19594 | D:15     | Identified the Incunabulum of Calling and Unholy Secrets
 19855 | D:13     | Reached XP level 15. HP: 125/180 MP: 15/15
 20245 | D:12     | Reached ****** piety under Trog
 20254 | D:12     | Received a gift from Trog
 20372 | D:13     | Noticed Erolcha
 20376 | D:13     | Killed Erolcha
 20376 | D:13     | Received a gift from Trog
 20841 | D:13     | Found a gate to the Vaults.
 21516 | D:14     | Reached skill level 20 in Fighting
 21701 | D:14     | Received a gift from Trog
 22210 | D:14     | Found Afogeg's Distillery.
 22279 | D:14     | Identified a scroll of acquirement
 22421 | D:15     | Received a gift from Trog
 22447 | D:15     | Paralysed by a floating eye for 4 turns
 22460 | D:15     | Paralysed by a floating eye for 4 turns
 22477 | D:15     | Found a basalt altar of Yredelemnul.
 22521 | D:15     | Reached skill level 10 in Dodging
 22635 | D:15     | Noticed a frost giant
 22645 | D:15     | Killed a frost giant
 22669 | D:15     | Reached XP level 16. HP: 192/195 MP: 16/16
 22688 | D:15     | Identified the Almanac of Ensnaring Shape Shifting
 22737 | D:15     | Got a brightly glowing iron ring
 22740 | D:15     | Identified the ring of Darkness {+Fly rF+ Slay+2} (You
                  | found it on level 15 of the Dungeon)
 22835 | D:15     | Found a hide-covered altar of Uskayaw.
 23125 | D:15     | Found a shimmering altar of Xom.
 23163 | D:15     | Reached skill level 21 in Fighting
 23229 | D:15     | Got a crude bronze ring
 23230 | D:15     | Identified the ring "Itaokk" {+Blink EV+1 Str+2} (You found
                  | it on level 15 of the Dungeon)
 23262 | D:15     | Found a staircase to the Depths.
 23361 | D:15     | Got an ancient lapis lazuli ring
 23362 | D:15     | Identified the ring "Vuixkosch" {rF+ Slay+3} (You found it
                  | on level 15 of the Dungeon)
 23605 | Orc:1    | Entered Level 1 of the Orcish Mines
 23616 | Orc:1    | Received a gift from Trog
 23773 | Orc:2    | Entered Level 2 of the Orcish Mines
 23819 | Orc:2    | Found a staircase to the Elven Halls.
 23939 | Orc:2    | Received a gift from Trog
 23987 | Orc:2    | Found Hophytetz's Gadget Boutique.
 24225 | Orc:1    | Found Kotzaon's Assorted Antiques.
 24467 | Orc:2    | Received a gift from Trog
 24890 | Orc:2    | Found Gayghahi's Antique Armour Shoppe.
 24890 | Orc:2    | Found Puno's Distillery.
 24892 | Orc:2    | Found Pioxang's Magic Scroll Shop.
 24894 | Orc:2    | Found Anannud's Book Emporium.
 25130 | Orc:1    | Found Yrupros's Jewellery Emporium.
 25310 | Orc:1    | Bought a +3 amulet of reflection for 204 gold pieces
 25650 | Snake:1  | Entered Level 1 of the Snake Pit
 25886 | Snake:1  | Reached skill level 22 in Fighting
 25919 | Snake:1  | Reached XP level 17. HP: 152/208 MP: 17/17
 26486 | Snake:1  | Found Berefad's Antique Armour Emporium.
 26504 | Snake:1  | Received a gift from Trog
 27196 | Snake:2  | Reached skill level 1 in Evocations
 28182 | Snake:3  | Received a gift from Trog
 28365 | Snake:3  | Reached skill level 23 in Fighting
 29001 | Snake:4  | Entered Level 4 of the Snake Pit
 29002 | Snake:4  | Upgraded the game from 0.24-a0-69-g55f835606b to
                  | 0.24-a0-81-gd227540562
 29858 | Snake:4  | Received a gift from Trog
 29858 | Snake:4  | Reached XP level 18. HP: 180/222 MP: 20/20
 29986 | Snake:4  | Received a gift from Trog
 30933 | Orc:1    | Bought a +5 ring of evasion for 715 gold pieces
 31445 | Snake:4  | Got a serpentine rune of Zot
 31691 | Snake:4  | Identified the cursed +2 whip of Metzui Cyoff {slash, rN+
                  | Str-2 Dex+8 Stlth+} (You found it on level 4 of the Snake
                  | Pit)
 31872 | Shoals:1 | Entered Level 1 of the Shoals
 32026 | Shoals:1 | Received a gift from Trog
 32351 | Shoals:1 | Reached skill level 24 in Fighting
 32534 | Shoals:2 | Found a hide-covered altar of Uskayaw.
 32817 | Shoals:2 | Noticed Ilsuiw
 32823 | Shoals:2 | Reached skill level 5 in Evocations
 32863 | Shoals:2 | Killed Ilsuiw
 33005 | Shoals:2 | Found a snail-covered altar of Cheibriados.
 33263 | Shoals:2 | Found Fucwouhoigg's Assorted Antiques.
 33319 | Shoals:2 | Received a gift from Trog
 33569 | Shoals:3 | Identified Roxanne's Incunabulum of Earth
 33569 | Shoals:3 | Noticed Roxanne
 33598 | Shoals:3 | Killed Roxanne
 34841 | Shoals:4 | Entered Level 4 of the Shoals
 35101 | Shoals:4 | Reached XP level 19. HP: 236/236 MP: 22/22
 35193 | Shoals:4 | Received a gift from Trog
 35210 | Shoals:4 | Got a glittering lapis lazuli ring
 35211 | Shoals:4 | Identified the ring of Equivalence {rF+ rC+ Str+2 Dex+6
                  | Stlth-} (You found it on level 4 of the Shoals)
 36024 | Shoals:4 | Got a barnacled rune of Zot
 36200 | Shoals:4 | Received a gift from Trog
 36679 | D:7      | Killed brucemayne's ghost
 36766 | D:9      | Killed Chiseanne's ghost
 36767 | D:9      | Reached skill level 10 in Shields
 37041 | Lair:6   | Killed guttsta's ghost
 37916 | Vaults:1 | Entered Level 1 of the Vaults
 37924 | Vaults:1 | Found Ukaumotu's Jewellery Shop.
 37961 | Vaults:1 | Noticed Saint Roka
 37963 | Vaults:1 | Reached skill level 25 in Fighting
 38277 | Vaults:1 | Killed Saint Roka
 38444 | Vaults:1 | Noticed an Ice Fiend
 38449 | Vaults:1 | HP: 8/237 [???[an ironheart preserver] (6)]
 38456 | Vaults:1 | Mangled by an Executioner

Levels and vault maps discovered:

Skill      XL: |  1  2  3  4  5  6  7  8  9 10 11 12 13 14 15 16 17 18 19 |
---------------+----------------------------------------------------------+-----
Throwing       | 1 2 3 4 5 7 9 10 11 12 13 14 | 14.4
Polearms       | 4 5 6 8 11 12 14 | 14.0
Fighting       | 5 6 8 10 12 13 15 18 19 20 22 23 24 25 | 25.1
Dodging        | 4 6 8 9 10 11 12 13 | 13.3
Shields        | 1 6 8 9 10 | 10.1
Evocations     | 3 5 |  5.0

Action                   |  1- 3 |  4- 6 |  7- 9 | 10-12 | 13-15 | 16-18 | 19-21 || total
-------------------------+-------+-------+-------+-------+-------+-------+-------++-------
Melee: Spear             |    23 |    64 |    85 |       |       |       |       ||   172
       Trident           |       |       |   128 |   560 |       |       |       ||   688
       Hunting sling     |       |       |       |     1 |     1 |       |       ||     2
       Demon trident     |       |       |       |   105 |  1091 |  1247 |   293 ||  2736
 Fire: Hunting sling     |    40 |   105 |   139 |   336 |   364 |   748 |    19 ||  1751
Throw: Large rock        |       |       |       |       |       |     3 |     9 ||    12
Invok: Berserk           |     1 |     1 |     6 |    13 |     3 |     1 |     1 ||    26
       Trog's Hand       |       |     1 |       |     7 |     1 |     1 |     2 ||    12
       Brothers in Arms  |       |       |       |       |       |       |     1 ||     1
Evoke: Wand              |       |       |       |       |       |     2 |       ||     2
  Use: Scroll            |       |     9 |    12 |     7 |    15 |    13 |     7 ||    63
       Potion            |       |       |       |       |     1 |       |     1 ||     2
 Stab: Confused          |       |       |       |       |     2 |       |       ||     2
       Sleeping          |       |       |       |       |     1 |     1 |       ||     2
  Eat: Chunk             |       |    10 |    12 |    36 |    30 |    27 |     3 ||   118
       Ration            |       |       |     1 |     1 |     1 |     5 |     3 ||    11
Armor: Animal skin       |     7 |     5 |       |       |       |       |       ||    12
       Robe              |       |    10 |    42 |    47 |       |       |       ||    99
       Troll leather arm |       |       |       |   160 |   212 |   145 |    53 ||   570
Dodge: Dodged            |    16 |    38 |    91 |   260 |   302 |   400 |   202 ||  1309
Block: Shield            |       |       |       |       |   291 |   739 |   265 ||  1295
       Reflection        |       |       |       |       |       |   101 |     8 ||   109

Table legend:
 A = Non-vault XP
 B = Vault XP
 C = Vault XP percentage of total XP
 D = Non-vault monster count
 E = Vault monster count
 F = Vault count percentage of total count
                 A         B        C        D         E       F
            +---------+---------+-------+---------+---------+-------
      Total |  208828 |  153468 |  42.4 |     739 |     373 |  33.5
            +---------+---------+-------+---------+---------+-------
        D:1 |      31 |       0 |   0.0 |      17 |       0 |   0.0
        D:2 |      71 |      36 |  33.6 |      19 |       1 |   5.0
        D:3 |      97 |       0 |   0.0 |      12 |       0 |   0.0
        D:4 |     455 |     169 |  27.1 |      19 |       6 |  24.0
        D:5 |     292 |       0 |   0.0 |      12 |       0 |   0.0
        D:6 |     344 |      96 |  21.8 |      11 |       1 |   8.3
        D:7 |    1074 |     601 |  35.9 |      18 |       1 |   5.3
        D:8 |    1602 |    3699 |  69.8 |      21 |      10 |  32.3
        D:9 |     932 |    2347 |  71.6 |      17 |      28 |  62.2
       D:10 |    4127 |     930 |  18.4 |      33 |      14 |  29.8
       D:11 |    5563 |       0 |   0.0 |      32 |       0 |   0.0
       D:12 |    3144 |    3922 |  55.5 |      20 |      16 |  44.4
       D:13 |   10742 |    9350 |  46.5 |      37 |      26 |  41.3
       D:14 |    8980 |       0 |   0.0 |      28 |       0 |   0.0
       D:15 |       0 |   43345 | 100.0 |       0 |      75 | 100.0
     Lair:1 |    4742 |    2103 |  30.7 |      21 |       4 |  16.0
     Lair:2 |    2591 |    2601 |  50.1 |      12 |      13 |  52.0
     Lair:3 |    5110 |     160 |   3.0 |      20 |      10 |  33.3
     Lair:4 |   10821 |     490 |   4.3 |      32 |       1 |   3.0
     Lair:5 |    4131 |       0 |   0.0 |      20 |       0 |   0.0
     Lair:6 |   12955 |   14517 |  52.8 |      37 |      35 |  48.6
   Shoals:1 |    9854 |       0 |   0.0 |      20 |       0 |   0.0
   Shoals:2 |    8734 |    4763 |  35.3 |      19 |       6 |  24.0
   Shoals:3 |   10110 |    1970 |  16.3 |      24 |       1 |   4.0
   Shoals:4 |   14094 |   19460 |  58.0 |      23 |      30 |  56.6
    Snake:1 |   19068 |    2353 |  11.0 |      34 |       4 |  10.5
    Snake:2 |   15778 |     322 |   2.0 |      29 |       2 |   6.5
    Snake:3 |   19038 |       0 |   0.0 |      39 |       0 |   0.0
    Snake:4 |   15973 |   27712 |  63.4 |      30 |      44 |  59.5
      Orc:1 |    4143 |       0 |   0.0 |      32 |       0 |   0.0
      Orc:2 |    7081 |    6757 |  48.8 |      39 |      38 |  49.4
   Vaults:1 |    7151 |    5765 |  44.6 |      12 |       7 |  36.8
            +---------+---------+-------+---------+---------+-------
